 Dungeon Crawl Stone Soup version 0.27.1-1-g398f81649c (webtiles) character file.

Game seed: 13077255615918813739

217 101zpm the Covered (level 5, 0/33 HPs)
             Began as a Gargoyle Fighter on Sept 19, 2021.
             Slain by an orc (1 damage)
             ... on level 3 of the Dungeon.
             The game lasted 00:02:59 (3421 turns).

101zpm the Covered (Gargoyle Fighter)               Turns: 3421, Time: 00:03:00

Health: 0/33       AC: 11    Str: 20    XL:     5   Next: 94%
Magic:  5/5        EV:  7    Int:  9    God:
Gold:   40         SH:  9    Dex:  9    Spells: 4/4 levels left

rFire    . . .     SeeInvis .   a - +0 flail
rCold    . . .     Faith    .   c - +0 kite shield
rNeg     + + .     Spirit   .   b - +0 scale mail
rPois    ∞         Reflect  .   (no helmet)
rElec    +         Harm     .   (no cloak)
rCorr    .         Rampage  .   (no gloves)
Will     .....                  (no boots)
Stlth    ..........             (no amulet)
HPRegen  0.11/turn              m - ring of positive energy
MPRegen  0.09/turn              (no ring)

@: no status effects
A: sickness immunity, AC +4, negative energy resistance 1, electricity
resistance, torment resistance 1, petrification resistance
a: no special abilities


You were on level 3 of the Dungeon.
You visited 1 branch of the dungeon, and saw 4 of its levels.

You collected 40 gold pieces.

Inventory:

Hand Weapons
 a - a +0 flail (weapon)
Missiles
 i - 66 arrows
 j - 52 stones (quivered)
 k - 14 bolts
Armour
 b - a +0 scale mail (worn)
 c - a +0 kite shield (worn)
Jewellery
 m - a ring of positive energy (left hand)
Scrolls
 f - a scroll of vulnerability {unknown}
 g - a scroll of noise {unknown}
 h - 3 scrolls of identify {unknown}
 l - a scroll of amnesia {unknown}
Potions
 d - a potion of might
 e - a potion of degeneration {unknown}
 n - a potion of flight {unknown}


   Skills:
 + Level 3.9 Fighting
 + Level 3.9 Maces & Flails
 + Level 0.1 Throwing
 + Level 4.5 Armour
 + Level 0.9 Dodging
 + Level 0.2 Stealth
 + Level 4.1 Shields


You had 4 spell levels left.
You didn't know any spells.
Your spell library contained the following spells:

 Spells                   Type           Power      Damage    Failure   Level
 Ensorcelled Hibernation  Hex/Ice        0%         N/A       100%        2
 Spider Form              Tmut/Pois      0%         N/A       100%        3
 Shadow Creatures         Summ           N/A        N/A       100%        6


Dungeon Overview and Level Annotations

Branches:
Dungeon (4/15)
 Temple: D:4-7

Altars:


Innate Abilities, Weirdness & Mutations

You are immune to sickness and miasma.
Your stone body is resilient. (AC +4)
You are immune to poison.
You resist negative energy. (rN+)
You are resistant to electric shocks. (rElec)
You are resistant to unholy torment.
You are immune to petrification.


Message History

You kill the orc!
There is a stone staircase leading down here.
Things that are here:
a +0 dagger; an orc corpse; a necrophage corpse
There is a stone staircase leading down here.
Things that are here:
a +0 dagger; an orc corpse; a necrophage corpse You start resting.
HP restored.
You climb downwards.
You block the gnoll's attack. The endoplasm hits you.
The orc closely misses you. The orc barely misses you.
The giant cockroach bites you but does no damage.
The endoplasm freezes you.
You are frozen.
The gnoll hits you with a +0 club. The orc hits you but does no damage.
The orc hits you with a +2 hand axe of venom!
There is a stone staircase leading up here.
You block the giant cockroach's attack. You block the gnoll's attack.
The endoplasm freezes you.
You are frozen.
You block the orc's attack. The orc barely misses you. x2
You climb upwards.
There is a stone staircase leading down here.
Things that are here:
a +0 dagger; an orc corpse; a necrophage corpse You hit the endoplasm but do no damage.
The endoplasm freezes you.
You are frozen.
You block the gnoll's attack. The orc closely misses you.
The orc hits you but does no damage.
You sock the endoplasm!
You kill the endoplasm!
The gnoll hits you but does no damage. You block the orc's attack.
The orc hits you but does no damage. The gnoll hits you with a +0 club.
* * * LOW HITPOINT WARNING * * *
The giant cockroach bites you but does no damage.
You barely miss the giant cockroach. You block the orc's attack. x2
You block the giant cockroach's attack. The gnoll hits you with a +0 club.
* * * LOW HITPOINT WARNING * * *
The orc hits you but does no damage.
The orc hits you with a +2 hand axe of venom.
You die...

......# ####.#.# #.#.## ....#.#
#.#.#####.#.# .#.##.#
#.........#.# ...##.#
###.#######'## .#.##.# #.#
##...## ..###.# ###.# ##.....##
### .####.# ##.#.# ##.......##
#..
......######...g###.........###..
..............oo@B'.........'....
.###########...o###.........###..
.##### ####.#.# ##.<.....## #.#
.....# #......# ##)....## #.#
.###.# #.###### ##...## #.. ##
#.# #.# ##'## ### ####.# #.# #.#
# .....# #.# ####.#### # ######
#.# #.......######


You could see a gnoll, 3 orcs and a giant cockroach.

Vanquished Creatures
  A necrophage (D:3)
  An orc wizard (D:3)
  3 adders
  2 worms
  A dart slug (D:3)
  8 orcs (D:3)
  8 endoplasms
  A giant cockroach (D:1)
  5 goblins
  2 hobgoblins
  A quokka (D:2)
  5 ball pythons
  6 bats
  5 frilled lizards
  9 kobolds
  7 rats
65 creatures vanquished.

Notes
Turn   | Place    | Note
-------+----------+-------------------------------------------
     0 | D:1      | 101zpm the Gargoyle Fighter began the quest for the Orb.
     0 | D:1      | Reached XP level 1. HP: 14/14 MP: 1/1
   390 | D:1      | Reached XP level 2. HP: 15/19 MP: 2/2
  1014 | D:1      | Found a faded altar of an unknown god.
  1299 | D:2      | Reached XP level 3. HP: 22/24 MP: 3/3
  1992 | D:3      | Reached XP level 4. HP: 25/29 MP: 4/4
  2684 | D:3      | Reached XP level 5. HP: 18/33 MP: 5/5
  3240 | D:4      | Noticed a necrophage
  3257 | D:3      | Killed a necrophage
  3421 | D:3      | HP: 1/33 [gnoll (6)]
  3421 | D:3      | Slain by an orc

Illustrated notes

Levels and vault maps discovered:
D:1:      dpeg_arrival_shrine, layout_basic,
          shapermc_ecumenical_altar_mp_urbaneastern
D:2:      layout_rooms
D:3:      kennysheep_big_flooded_room, layout_loops_corners
D:4:      kennysheep_spiral_hall, layout_cave_pools,
          gammafunk_temple_overflow_statue, minmay_temple_entry_gardened_gates,
          minmay_fractal_squares_diagonal_5, uniq_crazy_yiuf_cottage

Skill      XL: |  1  2  3  4 |
---------------+-------------+-----
Maces & Flails | 3 |  3.9
Shields        | 4 |  4.1
Armour         | 4 |  4.5
Fighting       | |  3.9
Throwing       | |  0.1
Dodging        | |  0.9
Stealth        | |  0.2

Action                   |  1- 3 |  4- 6 || total
-------------------------+-------+-------++-------
Melee: Flail             |   164 |    88 ||   252
Throw: Stone             |     4 |     2 ||     6
Armor: Scale mail        |    89 |    56 ||   145
Dodge: Dodged            |    57 |    27 ||    84
Block: Kite shield       |   102 |    45 ||   147
